 Dungeon Crawl Stone Soup version 0.28.0-47-ge53b351184 (webtiles) character file.

Game seed: 10208350493484960422

1351 Exodus22XD the Nimble (level 8, 0/31 HPs)
             Began as a Felid Enchanter on May 2, 2022.
             Was an Initiate of Dithmenos.
             Slain by a phantom (4 damage)
             ... on level 6 of the Dungeon.
             The game lasted 00:22:23 (9218 turns).

Exodus22XD the Nimble (Felid Enchanter)             Turns: 9218, Time: 00:22:24

Health: 0/31       AC:  2    Str:  4    XL:     8   Next: 36%
Magic:  0/12       EV: 25    Int: 22    God:    Dithmenos [......]
Gold:   417        SH:  0    Dex: 19    Spells: 3/11 levels left
                                        Lives:  0   Deaths: 2

rFire   . . .      SeeInvis +     - Unarmed
rCold   . . .      Faith    .   (shield unavailable)
rNeg    . . .      Spirit   .   (armour unavailable)
rPois   +          Reflect  .   (helmet unavailable)
rElec   .          Harm     .   (cloak unavailable)
rCorr   .          Rampage  .   (gloves unavailable)
Will    +....                   (boots unavailable)
Stlth   +++++.....              (no amulet)
HPRegen 0.10/turn               j - ring of poison resistance
MPRegen 0.13/turn               o - +6 ring of intelligence

@: quick
A: very small, claws 1, fangs 3, see invisible, speed 1, shaggy fur 2, stealthy
paws, no weapons or thrown items, no armour, multi-lived
a: Renounce Religion


You were on level 6 of the Dungeon.
You worshipped Dithmenos.
Dithmenos was noncommittal.
You visited 2 branches of the dungeon, and saw 8 of its levels.

You collected 417 gold pieces.

Inventory:

Jewellery
 j - a ring of poison resistance (left paw)
 o - a +6 ring of intelligence (right paw)
Wands
 s - a wand of mindburst (3)
Scrolls
 b - a scroll of torment
 d - a scroll of summoning {unknown}
 e - a scroll of silence {unknown}
 g - a scroll of noise {unknown}
 k - 2 scrolls of amnesia {unknown}
 m - 2 scrolls of blinking {unknown}
 n - a scroll of vulnerability {unknown}
 p - 3 scrolls of teleportation {unknown}
 t - a scroll of fear {unknown}
Potions
 a - a potion of ambrosia {unknown}
 c - a potion of berserk rage {unknown}
 f - a potion of cancellation {unknown}
 h - 3 potions of brilliance {unknown}
 i - 6 potions of curing
 l - a potion of resistance {unknown}
 q - a potion of attraction {unknown}
 r - a potion of haste {unknown}


   Skills:
 + Level 11.0 Dodging
 - Level 10.1 Stealth
 - Level 1.0 Unarmed Combat
 - Level 2.0 Spellcasting
 - Level 10.0 Hexes


You had 3 spell levels left.
You knew the following spells:

 Your Spells              Type           Power      Damage    Failure   Level
a - Ensorcelled Hibernat  Hex/Ice        48%        N/A       2%          2
b - Confusing Touch       Hex            46%        N/A       1%          3
c - Tukima's Dance        Hex            46%        N/A       1%          3

Your spell library contained the following spells:

 Spells                   Type           Power      Damage    Failure   Level
 Dazzling Flash           Conj/Hex       48%        N/A       5%          3
 Blink                    Tloc           4%         N/A       21%         2
 Static Discharge         Conj/Air       2%         N/A       21%         2
 Lesser Beckoning         Tloc           2%         N/A       38%         3
 Spider Form              Tmut/Pois      2%         N/A       38%         3
 Anguish                  Hex/Necr       12%        N/A       17%         4
 Lightning Bolt           Conj/Air       1%         1d12      98%         5
 Manifold Assault         Tloc           2%         N/A       98%         5
 Maxwell's Capacitive Co  Air            1%         ∞         100%        8


Dungeon Overview and Level Annotations

Branches:
Dungeon (7/15)             Temple (1/1) D:6

Altars:
Dithmenos
Fedhas
Kikubaaqudgha
Okawaru
Sif Muna
Wu Jian

Shops:
D:6 =


Innate Abilities, Weirdness & Mutations

You have sharp claws.
You have razor-sharp teeth.
You have supernaturally acute eyesight. (SInv)
You cover ground quickly. (Speed+)
You are covered in thick fur. (AC +2)
Your paws help you pounce on unaware monsters.
You are incapable of wielding weapons or throwing items.
You cannot wear armour.
You gain extra lives every three experience levels.


Message History

Gang up on whom?
Press: ? - help, Dir - move target, f - orc
Aim: an orc, wielding a +0 hand axe and quivering stones (ally target) Attack!
The sentinel's mark upon you fades away.
The orc throws a stone.
The stone completely misses you.
The orc throws a stone.
The stone completely misses your +0 scimitar.
The stone completely misses you.
You see here a +0 robe.
Your +0 scimitar falls from the air.
You see here a sky beast corpse.
You see here a +0 scimitar.
You scratch the orc but do no damage. The orc completely misses you.
You scratch the orc. Your bite misses the orc.
The orc is heavily wounded.
The orc completely misses you.
You see here a sky beast corpse.
There is a stone staircase leading down here.
Casting: Tukima's Dance (safe; 1% risk of failure)
Confirm with . or Enter, or press ? or * to list all spells.
You don't have enough magic to cast this spell.
Unknown command.
You closely miss the orc.
The orc is heavily wounded.
The orc misses you.
You scratch the orc.
The orc is severely wounded.
The orc hits you with a +0 hand axe.
* * * LOW HITPOINT WARNING * * *
There is a stone staircase leading down here.
The orc throws a stone.
The stone misses you.
Casting: Tukima's Dance (safe; 1% risk of failure)
Confirm with . or Enter, or press ? or * to list all spells.
Your paws begin to glow red.
The orc throws a stone.
The stone barely misses you. The phantom completely misses you.
You scratch the phantom but do no damage.
The phantom appears confused.
The phantom hits you.
You die...

...................#
...................#
#######'####'#####'##
....................#
....................#
(...............)...#
....W...............#
....##'##############
....#...)†...>oW@..#
....#....[.........#
....#......).......#
....#..............#
....#################
'#..................#
.#..................#
.#..................#
.#..................#


You could see a phantom (confused) and an orc.

Vanquished Creatures
  Grinder (D:3)
  A water moccasin (D:5)
  2 sky beasts
  3 black bears
  3 ogres (D:5)
  2 centaurs (D:6)
  2 phantoms
  A scorpion (D:6)
  A wyvern skeleton (D:5)
  A wight (D:6)
  A centaur zombie (D:5)
  2 centaur skeletons
  4 hounds
  A jelly (D:5)
  2 orc priests
  An iguana (D:6)
  Terence (D:3)
  A bullfrog skeleton (D:5)
  Natasha (thrice) (D:4)
  A killer bee zombie (D:6)
  A hound skeleton (D:5)
  2 howler monkey zombies
  3 adders
  3 gnolls (D:6)
  2 howler monkey skeletons
  A shadow imp (D:6)
  An ufetubus (D:3)
  A worm (D:2)
  A dart slug (D:1)
  6 orcs
  2 bats
  10 endoplasms
  5 giant cockroaches (D:3)
  A goblin (D:2)
  13 hobgoblins
  6 quokkas
  8 ball pythons
  4 frilled lizards
  7 kobolds
  8 rats
119 creatures vanquished.

Vanquished Creatures (collateral kills)
  A centaur (D:5)
  An orc (D:6)
2 creatures vanquished.

Vanquished Creatures (others)
  24 fungi (D:5)
24 creatures vanquished.

Grand Total: 145 creatures vanquished

Notes
Turn   | Place    | Note
-------+----------+-------------------------------------------
     0 | D:1      | Exodus22XD the Felid Enchanter began the quest for the Orb.
     0 | D:1      | Reached XP level 1. HP: 7/7 MP: 4/4
   214 | D:1      | Reached XP level 2. HP: 11/11 MP: 6/6
   217 | D:1      | Learned a level 2 spell: Ensorcelled Hibernation
   225 | D:1      | Reached skill level 5 in Stealth
  1755 | D:2      | Reached XP level 3. HP: 14/14 MP: 4/7
  3136 | D:2      | Reached XP level 4. HP: 17/18 MP: 8/8
  3723 | D:3      | Found a faded altar of an unknown god.
  3758 | D:3      | Noticed Grinder
  3768 | D:3      | Killed Grinder
  3769 | D:3      | Reached XP level 5. HP: 10/21 MP: 9/9
  3769 | D:3      | Gained mutation: You are covered in thick fur. (AC +2)
                  | [Felid growth]
  3769 | D:3      | Reached XP level 6. HP: 11/24 MP: 10/10
  4056 | D:3      | Reached skill level 10 in Stealth
  4090 | D:3      | Noticed Terence
  4100 | D:3      | Killed Terence
  4250 | D:3      | Reached skill level 5 in Hexes
  4727 | D:4      | Noticed a sky beast
  4734 | D:4      | Killed a sky beast
  4927 | D:4      | Reached XP level 7. HP: 27/27 MP: 11/11
  4931 | D:4      | Noticed Natasha
  4963 | D:4      | Killed Natasha
  5078 | D:3      | Learned a level 3 spell: Confusing Touch
  5401 | D:4      | Noticed Natasha
  5407 | D:4      | Killed Natasha
  5499 | D:4      | Noticed Natasha
  5874 | D:4      | Killed Natasha
  5910 | D:4      | Reached skill level 10 in Hexes
  5999 | D:4      | Learned a level 3 spell: Tukima's Dance
  6001 | D:5      | Entered Level 5 of the Dungeon
  6021 | D:5      | Reached skill level 3 in Dodging
  6219 | D:5      | Slain by an ogre
  6220 | D:5      | Reached XP level 6. HP: -1/24 MP: 0/10
  6244 | D:5      | Reached skill level 4 in Dodging
  6244 | D:5      | Reached XP level 7. HP: 20/27 MP: 11/11
  6497 | D:5      | Reached skill level 5 in Dodging
  6531 | D:5      | Reached skill level 6 in Dodging
  6651 | D:5      | Slain by a hound skeleton
  6652 | D:5      | Reached XP level 6. HP: 0/24 MP: 7/10
  6698 | D:5      | Reached skill level 7 in Dodging
  6698 | D:5      | Reached XP level 7. HP: 19/27 MP: 7/11
  7170 | D:5      | Reached skill level 8 in Dodging
  7369 | D:6      | Reached skill level 9 in Dodging
  7750 | D:6      | Found a staircase to the Ecumenical Temple.
  7757 | Temple   | Entered the Ecumenical Temple
  7783 | Temple   | Became a worshipper of Dithmenos the Shadowed
  7858 | D:6      | HP: 1/27 [gnoll/+0 halberd (5)]
  8266 | D:6      | Reached XP level 8. HP: 28/31 MP: 5/12
  8382 | D:6      | Found Cuuph's Jewellery Shop.
  8426 | D:6      | Identified the +1 helmet of the Slorg {Harm *Slow rCorr
                  | Stlth+}
  8604 | D:5      | Reached skill level 10 in Dodging
  9197 | D:6      | Reached skill level 11 in Dodging
  9218 | D:6      | Slain by a phantom

Illustrated notes

Levels and vault maps discovered:
D:1:      erik_arrival_cave_to_civilisation [erik_arrival_cave_to_hall],
          layout_basic, serial_curves, eino_curves_04, eino_curves_04
D:2:      layout_basic, minmay_split_cup_small
D:3:      layout_rooms, gup_sewer_entry_pipe, basic_ecumenical_altar,
          kennysheep_nub, wander_ebering_terrifying_dragon_lair, uniq_grinder,
          uniq_terence
D:4:      layout_loops_ring, uniq_natasha
D:5:      layout_loops_cross, serial_aquarium, aquarium_bridge_island_small
          [aquarium_subvault_small_open, aquarium_subvault_bridge,
          aquarium_subvault_bridge, aquarium_subvault_window,
          aquarium_subvault_balcony], aquarium_bridge_square
          [aquarium_subvault_wall, aquarium_subvault_bridge,
          aquarium_subvault_bridge, aquarium_subvault_bridge],
          aquarium_window_double, aquarium_window_3, aquarium_window_fake,
          aquarium_window_1, aquarium_view_2d, aquarium_view_2c,
          aquarium_pool_five, mrwooster_statue_mirror
D:6:      black_bear_nest_2, layout_gridville, minmay_temple_entry_junction,
          serial_shops, shop, grunt_tough_drop
D:7:      layout_basic, gammafunk_ghost_gnarly_gnolls, st_stairs_2,
          minmay_misc_feat_x, abandoned_shop
Temple:   minmay_crystal_snake_temple

Skill      XL: |  1  2  3  4  5  6  7  8 |
---------------+-------------------------+-----
Stealth        | 6 9 10 | 10.1
Hexes          | 7 10 | 10.0
Dodging        | 7 9 11 | 11.0
Unarmed Combat | |  1.0
Spellcasting   | |  2.0

Action                   |  1- 3 |  4- 6 |  7- 9 || total
-------------------------+-------+-------+-------++-------
Melee: Unarmed           |   100 |   121 |   165 ||   386
       Bite              |     8 |    11 |    25 ||    44
       Punch             |     1 |     2 |     4 ||     7
 Cast: Ensorcelled Hiber |     8 |     7 |    34 ||    49
       Tukima's Dance    |       |     1 |     2 ||     3
       Confusing Touch   |       |       |    19 ||    19
  Use: Potion            |       |     1 |       ||     1
       Scroll            |       |       |     4 ||     4
 Stab: Sleeping          |    19 |    14 |    23 ||    56
       Distracted        |     2 |       |     1 ||     3
       Invisible         |       |     4 |       ||     4
       Confused          |       |       |    14 ||    14
Armor: Skin              |     9 |     3 |     4 ||    16
Dodge: Dodged            |    64 |    99 |   155 ||   318
